 Dungeon Crawl Stone Soup version 0.27-a0-909-g0721f309d1 (webtiles) character file.

Game seed: 9914126922452762077

398 leviel the Skirmisher (level 6, -1/56 HPs)
             Began as a Hill Orc Fighter on Apr 8, 2021.
             Was an Elder of Lugonu.
             Splashed by a jelly's acid (6 damage)
             ... on level 4 of the Dungeon.
             The game lasted 00:09:06 (4332 turns).

leviel the Skirmisher (Hill Orc Fighter)            Turns: 4332, Time: 00:09:07

Health: -1/56      AC: -4    Str: 21    XL:     6   Next: 83%
Magic:  9/9        EV:  8    Int:  8    God:    Lugonu [****..]
Gold:   133        SH:  9    Dex: 10    Spells: 5/5 levels left

rFire    . . .     SeeInvis .   a - +0 long sword
rCold    . . .     Faith    .   o - +0 kite shield {rN+}
rNeg     + . .     Spirit   .   b - +0 scale mail
rPois    .         Reflect  .   (no helmet)
rElec    .         Harm     .   (no cloak)
rCorr    +         Rampage  .   (no gloves)
Will     .....                  (no boots)
Stlth    ..........             (no amulet)
HPRegen  0.18/turn              j - ring of resist corrosion
MPRegen  0.11/turn              (no ring)

@: mighty, corroded
A: no striking features
a: Renounce Religion, Depart the Abyss, Bend Space, Banish, Corrupt


You were on level 4 of the Dungeon.
You worshipped Lugonu.
Lugonu was greatly pleased with you.
You visited 1 branch of the dungeon, and saw 4 of its levels.

You collected 133 gold pieces.

Inventory:

Hand Weapons
 a - a +0 long sword (weapon)
Armour
 b - a +0 scale mail (worn)
 o - a +0 kite shield of positive energy (worn)
Jewellery
 j - a ring of resist corrosion (left hand)
Scrolls
 c - a scroll of blinking
 f - a scroll of fear {unknown}
 g - a scroll of torment {unknown}
 h - a scroll of teleportation {unknown}
 i - 5 scrolls of identify {unknown}
 l - 2 scrolls of enchant weapon {unknown}
Potions
 e - a potion of magic
 k - a potion of heal wounds {unknown}
 m - a potion of degeneration {unknown}


   Skills:
 - Level 5.0 Fighting
 - Level 3.4 Long Blades
 + Level 4.4 Armour
 + Level 1.7 Dodging
 + Level 4.2 Shields
 + Level 4.1 Invocations


You had 5 spell levels left.
You didn't know any spells.
Your spell library contained the following spells:

 Spells                   Type           Power      Damage    Failure   Level
 Animate Skeleton         Necr           0%         N/A       99%         1
 Apportation              Tloc           0%         N/A       99%         1
 Corona                   Hex            0%         N/A       99%         1
 Sting                    Tmut/Pois      0%         1d3       99%         1
 Summon Small Mammal      Summ           0%         N/A       99%         1
 Ensorcelled Hibernation  Hex/Ice        0%         N/A       100%        2
 Poisonous Vapours        Pois/Air       0%         N/A       100%        2
 Confusing Touch          Hex            0%         N/A       100%        3
 Dazzling Flash           Conj/Hex       0%         N/A       100%        3
 Ignite Poison            Fire/Tmut/Pois 0%         N/A       100%        3
 Mephitic Cloud           Conj/Pois/Air  0%         N/A       100%        3
 Tukima's Dance           Hex            0%         N/A       100%        3
 Olgreb's Toxic Radiance  Pois           0%         N/A       100%        4


Dungeon Overview and Level Annotations

Branches:
Dungeon (4/15)
 Temple: D:4-7

Altars:
Elyvilon
Makhleb
Lugonu

Shops:
D:2 =   D:4 [

Annotations:
D:3 2 transporters, pleonasm's ghost, amateur FoFi


Message History

The jelly is heavily wounded.
The jelly jiggles.
You block the jelly's attack.
You hit the jelly but do no damage. The acid corrodes you!
Your hands burn!
The jelly is heavily wounded.
The jelly closely misses you. The jelly hits you.
You are splashed with acid.
You resist.
You are too injured to fight recklessly!
You are too injured to fight recklessly!
You are too injured to fight recklessly!
You are too injured to fight recklessly!
You are too injured to fight recklessly!
You are too injured to fight recklessly!
You are too injured to fight recklessly!
You are too injured to fight recklessly!
Unknown command.
You are too injured to fight recklessly!
You barely miss the jelly.
The jelly is heavily wounded.
The jelly hits you.
You are splashed with acid.
You resist.
You hit the jelly but do no damage.
Your hands burn!
* * * LOW HITPOINT WARNING * * *
The jelly is heavily wounded.
The jelly hits you.
* * * LOW HITPOINT WARNING * * *
You are splashed with acid.
You resist.
* * * LOW HITPOINT WARNING * * *
You block the jelly's attack.
You feel very mighty all of a sudden. The jelly hits you.
* * * LOW HITPOINT WARNING * * *
You are splashed with acid.
You resist.
* * * LOW HITPOINT WARNING * * *
You hit the jelly but do no damage.
Your hands burn!
* * * LOW HITPOINT WARNING * * *
The jelly is heavily wounded.
The jelly hits you.
* * * LOW HITPOINT WARNING * * *
You are splashed with acid.
You resist.
You die...

#.#..##.##...#.......#≈≈.≈≈#.
#.##....##÷..#####...###+###.
#..######...##...##..........
#..........##.... ##..>......
#........###..# #..#........#
#.....####...##J..####.......
#.####........## ## #.......
#.÷...####.J.##S..####.......
#........###@.###..#.........
##.........##.....##.#.......
#.######...##...###.####...<
###....##...##### ### #.#..
#..##.##...# ###..
#...###...## #.. ##.......##
##. ###...### #. ##### ##


You could see a jelly.

Vanquished Creatures
  An ogre (D:4)
  A water moccasin skeleton (D:4)
  3 hounds
  A jelly (D:4)
  4 adders
  2 worms
  4 dart slugs
  6 ball pythons
  8 endoplasms
  6 goblins
  8 hobgoblins
  19 jackals
  6 kobolds
  4 quokkas
  3 bats
  3 frilled lizards
  A jackal skeleton (D:4)
  8 rats
88 creatures vanquished.

Vanquished Creatures (others)
  A rat (D:3)
  7 demonic plants (D:1)
8 creatures vanquished.

Grand Total: 96 creatures vanquished

Notes
Turn   | Place    | Note
-------+----------+-------------------------------------------
     0 | D:1      | leviel the Hill Orc Fighter began the quest for the Orb.
     0 | D:1      | Reached XP level 1. HP: 19/19 MP: 1/1
    71 | D:1      | Found a faded altar of an unknown god.
   319 | D:1      | Became a worshipper of Lugonu the Unformed
   319 | D:1      | Reached * piety under Lugonu
   319 | D:1      | Reached ** piety under Lugonu
   408 | D:1      | Reached skill level 4 in Fighting
   414 | D:1      | Reached XP level 2. HP: 26/27 MP: 2/2
   822 | D:1      | Reached XP level 3. HP: 27/33 MP: 3/3
   919 | D:1      | Reached skill level 1 in Invocations
  1406 | D:2      | Reached *** piety under Lugonu
  1492 | D:2      | Found Ypoin's Jewellery Emporium.
  1506 | D:2      | Reached XP level 4. HP: 41/41 MP: 5/5
  2101 | D:3      | Found a white marble altar of Elyvilon.
  2493 | D:3      | Found a transporter.
  2518 | D:3      | Found a transporter.
  2541 | D:3      | Noticed pleonasm's ghost (amateur FoFi)
  2680 | D:3      | Reached skill level 5 in Fighting
  2680 | D:3      | Reached XP level 5. HP: 29/48 MP: 6/6
  3512 | D:4      | Noticed an ogre
  3557 | D:4      | Killed an ogre
  3558 | D:4      | Reached skill level 1 in Dodging
  3558 | D:4      | Reached XP level 6. HP: 30/56 MP: 8/8
  3761 | D:4      | Found a burning altar of Makhleb.
  3924 | D:4      | Found Xoavu's Armour Shoppe.
  4306 | D:4      | Reached **** piety under Lugonu
  4332 | D:4      | Splashed by a jelly's acid

Illustrated notes

Levels and vault maps discovered:
D:1:      dpeg_arrival_tiny_a, layout_basic,
          shapermc_ecumenical_altar_flowoftime, minmay_ruptured
D:2:      minmay_door_path, layout_loops_ring, serial_shops, shop,
          minmay_tetromino_i2
D:3:      layout_loops_ring, elyvilon_altar_4, gammafunk_ghost_abyssal_escape,
          corexii_shack
D:4:      layout_cave_pools, makhleb_heckhound_becter, serial_shops,
          kennysheep_little_box, minmay_puff

Skill      XL: |  1  2  3  4  5  6 |
---------------+-------------------+-----
Fighting       | 4 5 |  5.0
Invocations    | 1 2 3 4 |  4.1
Long Blades    | 3 |  3.4
Armour         | 4 |  4.4
Dodging        | 1 |  1.7
Shields        | 4 |  4.2

Action                   |  1- 3 |  4- 6 || total
-------------------------+-------+-------++-------
Melee: Long sword        |   139 |   182 ||   321
  Use: Potion            |       |     4 ||     4
       Scroll            |       |     1 ||     1
Armor: Scale mail        |    55 |   130 ||   185
Dodge: Dodged            |    44 |    99 ||   143
Block: Kite shield       |    61 |   123 ||   184
       Rpst.: Long sword |     8 |    22 ||    30

Table legend: (Time is in decaauts)
 A = Elapsed time spent in this place.
 B = Non-inter-level travel time spent in this place.
 C = Inter-level travel time spent in this place.
 D = Time resting spent in this place.
 E = Time spent auto-exploring this place.
 F = Levels seen in this place.
 G = Mean time per level.
                   A        B        C        D        E       F      G
               +--------+--------+--------+--------+--------+-----+--------+
         Total |   4487 |   4327 |    160 |    138 |   3391 |   4 | 1121.8 |
       Dungeon |   4487 |   4327 |    160 |    138 |   3391 |   4 | 1121.8 |
               +--------+--------+--------+--------+--------+-----+--------+

Top non-repeatable levels by time:
     D:3: 1269 daAuts
     D:1: 1178 daAuts
     D:4: 1087 daAuts
     D:2: 952 daAuts
